 Dungeon Crawl Stone Soup version 0.22-a0-93-g6b88ebb (webtiles) character file.

438 4thArraOfDagon the Skirmisher (level 6, 0/56 HPs)
             Began as a Demigod Wanderer on Jan 24, 2018.
             Slain by Dowan
             ... wielding a +2 dagger of distortion
              (14 damage)
             ... on level 4 of the Dungeon.
             The game lasted 00:04:18 (1072 turns).

4thArraOfDagon the Skirmisher (Demigod Wanderer)    Turns: 1072, Time: 00:04:19

Health: 0/56       AC:  8    Str: 16    XL:     6   Next: 41%
Magic:  8/8        EV:  6    Int: 19    God:
Gold:   49         SH:  0    Dex: 15    Spells: 5/5 levels left

rFire    . . .     SeeInvis .   a - +2 falchion
rCold    . . .     Gourm    .   (no shield)
rNeg     . . .     Faith    .   h - +0 chain mail
rPois    .         Spirit   .   (no helmet)
rElec    .         Reflect  .   (no cloak)
rCorr    .         Harm     .   (no gloves)
MR       .....                  (no boots)
Stlth    ..........             (no amulet)
HPRegen  0.18/turn              (no ring)
MPRegen  0.11/turn              (no ring)

@: no status effects
A: high mp 1
a: no special abilities


You were on level 4 of the Dungeon.
You were hungry.

You visited 1 branch of the dungeon, and saw 4 of its levels.

You collected 49 gold pieces.

Inventory:

Hand Weapons
 a - a +2 falchion (weapon)
 d - a +0 blowgun
Missiles
 c - 30 poisoned needles
Armour
 e - a +0 robe
 h - a +0 chain mail (worn)
Wands
 i - a wand of flame (19)
Scrolls
 b - 2 scrolls of enchant armour
 j - a scroll of fog
Comestibles
 f - 4 rations


   Skills:
 + Level 5.4 Fighting
 - Level 5.2 Long Blades
 - Level 1.0 Throwing
 - Level 1.0 Dodging
 - Level 1.0 Stealth
   Level 1.0 Shields


You had 5 spell levels left.
You didn't know any spells.

Dungeon Overview and Level Annotations

Branches:
Dungeon (4/15)
 Temple: D:4-7

Annotations:
D:2 Sigmund
D:4 Dowan


Innate Abilities, Weirdness & Mutations

You have an increased reservoir of magic. (+10% MP)


Message History

Unknown command.
Evoke which item? (* to show all) (? for menu, Esc to quit)
Aiming: Throw Flame
Press: ? - help, Shift-Dir - straight line, f/p - Dowan
Aim: Dowan, wielding a dagger of distortion and wearing a robe (fast)
The puff of flame hits Dowan.
Dowan is lightly wounded.
Dowan hits you with a dagger of distortion.
Space bends around you.
* * * LOW HITPOINT WARNING * * *
Unknown command.
Evoke which item? (* to show all) (? for menu, Esc to quit)
Aiming: Throw Flame
Press: ? - help, Shift-Dir - straight line, f/p - Dowan
Aim: Dowan, wielding a dagger of distortion and wearing a robe (lightly wounded, fast)
The puff of flame misses Dowan.
Dowan hits you with a dagger of distortion.
* * * LOW HITPOINT WARNING * * *
Space warps horribly around you!
You die...

###...##..# #...
.....###..###...
##..####....##..
##..#..........
#........#..##
##......##..#
##......###..#
#######.......#
#.##
#...@e........###.#
#.###h###......##.#
#####.# ##........#
#..#####.......#
#.#..............#
#...............##
#.#####...........
## ###e........
##.####...


You could see Dowan and a jackal.

Vanquished Creatures
  Grinder (D:4)
  Duvessa (D:4)
  An orc priest (D:3)
  Terence (D:3)
  2 adders
  A gnoll (D:3)
  2 worms
  2 leopard geckos
  2 orcs (D:3)
  2 ball pythons
  2 giant cockroaches
  5 goblins
  6 hobgoblins
  6 jackals
  A quokka (D:2)
  2 bats
  4 frilled lizards
  5 kobolds
  5 rats
51 creatures vanquished.

Notes
Turn   | Place    | Note
-------+----------+-------------------------------------------
     0 | D:1      | 4thArraOfDagon the Demigod Wanderer began the quest for the Orb.
     0 | D:1      | 4thArraOfDagon set off with: a +2 falchion, a potion of curing, 13 poisoned needles, a +0 blowgun, a +0 robe, a ration
     0 | D:1      | Reached XP level 1. HP: 17/17 MP: 3/3
   194 | D:2      | Reached XP level 2. HP: 16/24 MP: 4/4
   305 | D:2      | Noticed Sigmund
   354 | D:3      | Reached XP level 3. HP: 14/30 MP: 5/5
   614 | D:2      | Reached XP level 4. HP: 26/37 MP: 6/6
   697 | D:3      | Noticed Terence
   705 | D:3      | Killed Terence
   705 | D:3      | Reached skill level 5 in Long Blades
   975 | D:4      | Noticed Grinder
   989 | D:4      | Killed Grinder
   989 | D:4      | Reached XP level 5. HP: 47/47 MP: 7/7
   989 | D:4      | Reached XP level 6. HP: 55/55 MP: 8/8
  1033 | D:4      | Noticed Duvessa
  1058 | D:4      | Noticed Dowan
  1067 | D:4      | Killed Duvessa
  1067 | D:4      | Reached skill level 5 in Fighting
  1072 | D:4      | Slain by Dowan

Vault maps used:
D:1:      tarquinn_simple_flora_water_d
D:2:      uniq_jessica, uniq_sigmund
D:3:      st_stairs_14, uniq_terence
D:4:      nicolae_ossuary_entry_false_entrances, hangedman_decor_riveting,
          grunt_ashenzari_visionary, uniq_grinder, uniq_duvessa

Skill      XL: |  1  2  3  4  5  6 |
---------------+-------------------+-----
Fighting       | 2 4 5 |  5.4
Long Blades    | 4 5 |  5.2
Throwing       | |  1.0
Dodging        | |  1.0
Stealth        | |  1.0
Shields        | |  1.0

Action                   |  1- 3 |  4- 6 || total
-------------------------+-------+-------++-------
Melee: Falchion          |   104 |    72 ||   176
Evoke: Wand              |       |    14 ||    14
  Use: Scroll            |     2 |     3 ||     5
       Potion            |     1 |     1 ||     2
Armor: Chain mail        |    61 |    37 ||    98
Dodge: Dodged            |    41 |    23 ||    64
       Rpst.: Falchion   |    19 |    12 ||    31

Table legend:
 A = Spawn XP
 B = Non-spawn XP
 C = Spawn XP percentage of total XP
 D = Spawn monster count
 E = Non-spawn monster count
 F = Spawn count percentage of total count
 G = Total turns spent on level
                    A         B        C        D         E        F      G
               +---------+---------+-------+---------+---------+-------+---------
         Total |       0 |     627 |   0.0 |       0 |      51 |   0.0 |  1072
               +---------+---------+-------+---------+---------+-------+---------
           D:1 |       0 |      17 |   0.0 |       0 |       9 |   0.0 |   268
           D:2 |       0 |      51 |   0.0 |       0 |      21 |   0.0 |   356
           D:3 |       0 |     135 |   0.0 |       0 |      19 |   0.0 |   275
           D:4 |       0 |     424 |   0.0 |       0 |       2 |   0.0 |   173
               +---------+---------+-------+---------+---------+-------+---------
